 Dungeon Crawl Stone Soup version 0.18-a0-1435-gee79d65 (webtiles) character file.

3432 Azzok the Grappler (level 9, -23/80 HPs)
             Began as a Troll Fighter on Feb 28, 2016.
             Was a High Priest of Cheibriados.
             Annihilated by a purple very ugly thing (35 damage)
             ... on level 1 of the Abyss.
             The game lasted 00:18:36 (6575 turns).

Azzok the Grappler (Troll Fighter)                  Turns: 6575, Time: 00:18:36

Health: -23/80     AC:  6    Str: 37    XL:     9   Next: 77%
Magic:  14/14      EV:  9    Int: 18    God:    Cheibriados [*****.]
Gold:   379        SH: 11    Dex: 20    Spells: 0 memorised, 8 levels left

rFire  . . .     SeeInvis .       - Unarmed
rCold  . . .     Gourm    +     a - +0 robe
rNeg   . . .     Faith    .     b - +0 shield
rPois  .         Spirit   .     (helmet restricted)
rElec  .         Dismiss  .     m - +0 cloak
rCorr  .         Reflect  .     (gloves unavailable)
SustAt .         Harm     .     (boots unavailable)
MR     ++...                    (no amulet)
Stlth  ++........               C - ring of protection from magic
                                A - ring of protection from magic

@: very slow, very resistant to hostile enchantments, unstealthy
A: unfitting armour, claws 3, fast metabolism 3, gourmand, regeneration 2,
shaggy fur 1, tough skin 2
a: Bend Time, Temporal Distortion, Slouch, Step From Time, Renounce Religion


You were on level 1 of the Abyss.
You worshipped Cheibriados.
Cheibriados was extremely pleased with you.
You were not hungry.

You visited 2 branches of the dungeon, and saw 9 of its levels.
You visited the Abyss 1 time.

You collected 451 gold pieces.
You spent 72 gold pieces at shops.

Inventory:

Missiles
 h - 3 throwing nets (quivered)
Armour
 a - a +0 robe (worn)
 b - a +0 shield (worn)
 m - a +0 cloak (worn)
Jewellery
 A - a ring of protection from magic (left claw)
 C - a ring of protection from magic (right claw)
Wands
 y - a wand of disintegration (15/24)
 D - a wand of slowing (20/48)
 H - a wand of paralysis (14/24)
 I - a wand of flame (23/48)
Scrolls
 e - 8 scrolls of identify {unknown}
 f - 5 scrolls of fear {unknown}
 g - 2 scrolls of noise {unknown}
 k - 3 scrolls of enchant armour {unknown}
 l - 2 scrolls of random uselessness {unknown}
 p - 4 scrolls of fog {unknown}
 q - 3 scrolls of remove curse
 r - 3 scrolls of recharging {unknown}
 s - 2 scrolls of teleportation {unknown}
 v - a scroll of blinking {unknown}
 B - a scroll of immolation {unknown}
 F - 2 scrolls of enchant weapon {unknown}
 G - a scroll of vulnerability {unknown}
Potions
 c - 2 potions of might
 j - a potion of beneficial mutation {unknown}
 o - 2 potions of mutation {unknown}
 t - a potion of brilliance {unknown}
 w - 4 potions of lignification {unknown}
 x - a potion of curing
 z - 3 potions of cancellation {unknown}
 K - 2 potions of haste {unknown}
Books
 J - a Young Poisoner's Handbook

   Spells                             Type                      Level
   a - Sting                          Conjuration/Poison           1
   b - Cure Poison                    Poison                       2
   c - Mephitic Cloud                 Conjuration/Poison/Air       3
   d - Olgreb's Toxic Radiance        Poison                       4
   e - Venom Bolt                     Conjuration/Poison           5
Comestibles
 d - 9 bread rations
 i - 5 beef jerkies
 n - 9 meat rations
 u - 6 fruits
 E - 8 slices of pizza


   Skills:
 - Level 2.4 Fighting
 - Level 2.4 Dodging
 - Level 2.4 Shields
 + Level 10.5 Unarmed Combat
 + Level 8.5 Invocations


You had 8 spell levels left.
You didn't know any spells.

Dungeon Overview and Level Annotations

Branches:
Dungeon (8/15)             Temple (1/1) D:4
   Lair: D:8-11

Altars:
Ashenzari
Cheibriados
Dithmenos
Elyvilon
Fedhas
Gozag
Kikubaaqudgha
Makhleb
Nemelex Xobeh
Okawaru
Pakellas
Qazlal
Ru
Sif Muna
Trog
Vehumet
Xom
Yredelemnul
Zin
The Shining One

Shops:
D:4 *   D:5 *   D:6 [   D:8 *(

Annotations:
D:8 Psyche


Innate Abilities, Weirdness & Mutations

You are too large for most types of armour.
You have claws for hands.
Your metabolism is lightning-fast.
You like to eat raw meat.
You heal very quickly.
You are covered in fur (AC +1).
You have very tough skin (AC +2).


Message History

You claw the purple very ugly thing!
The purple very ugly thing is lightly wounded.
The purple very ugly thing tail-slaps you!!
You claw the purple very ugly thing!
The purple very ugly thing is moderately wounded.
You claw the purple very ugly thing!
The purple very ugly thing is heavily wounded.
You block the purple very ugly thing's attack.
You scratch the purple very ugly thing.
The purple very ugly thing is heavily wounded.
The small abomination hits you!!
The purple very ugly thing tail-slaps you.
The small abomination hits you!!
* * * LOW HITPOINT WARNING * * *
The ufetubus hits you but does no damage.
The ufetubus closely misses you.
You claw the purple very ugly thing!
The purple very ugly thing is severely wounded.
The purple very ugly thing tail-slaps you!!
You die...

....# .....# .
...... .. ##
..... ..##.
#.... #...###
#.# #
##.#..#.#..#....
..#....x@5......
#...#..##u......
#....#.###.....#
#.#.#...###...##
#..[ ..#.######
..##. .... .##.#
# .#.###.##.#.#
# #......#... #
#
#...##....#.#..#


You could see a purple very ugly thing, a small abomination and an ufetubus.

Vanquished Creatures
  A two-headed ogre (D:8)
  A human (D:7)
  A hungry ghost (D:7)
  Menkaure (D:5)
  3 water moccasins
  4 orc warriors
  An ice beast (D:7)
  An eye of draining (D:6)
  3 ogres
  3 centaurs
  2 phantoms
  A crocodile (D:7)
  3 giant frogs
  3 scorpions
  2 crimson imps
  A jelly (D:7)
  A wasp zombie (D:8)
  2 hounds
  A giant frog skeleton (D:5)
  3 orc priests
  An orc wizard (D:6)
  A centaur skeleton (D:8)
  3 iguanas
  4 worker ants
  A killer bee zombie (D:6)
  4 sheep (D:7)
  3 hound skeletons
  A worker ant zombie (D:8)
  4 gnolls (D:5)
  A howler monkey skeleton (D:5)
  5 adders
  A shadow imp (D:7)
  A white imp (Abyss:1)
  2 oozes (D:1)
  2 worms
  A dart slug (D:3)
  5 giant geckos
  17 orcs
  9 giant cockroaches
  9 goblins
  8 hobgoblins
  9 jackals
  14 kobolds
  6 quokkas
  A ball python (D:1)
  5 bats
  3 giant newts
  A jackal zombie (D:6)
  8 rats
168 creatures vanquished.

Notes
Turn   | Place    | Note
--------------------------------------------------------------
     0 | D:1      | Azzok the Troll Fighter began the quest for the Orb.
     0 | D:1      | Reached XP level 1. HP: 22/22 MP: 0/0
    97 | D:1      | Reached XP level 2. HP: 29/29 MP: 1/1
   183 | D:1      | Reached skill level 3 in Unarmed Combat
   750 | D:2      | Found a glowing golden altar of the Shining One.
   837 | D:2      | Found a snail-covered altar of Cheibriados.
   837 | D:2      | Found an oddly glowing altar of Pakellas.
   845 | D:2      | Reached XP level 3. HP: 34/36 MP: 2/2
   873 | D:2      | Became a worshipper of Cheibriados the Contemplative
   920 | D:2      | Found a glowing silver altar of Zin.
   920 | D:2      | Found a burning altar of Makhleb.
   921 | D:2      | Noticed a blizzard demon
   921 | D:2      | Noticed an angel
   952 | D:2      | Found an opulent altar of Gozag.
  1004 | D:2      | Reached skill level 4 in Unarmed Combat
  1151 | D:2      | Reached XP level 4. HP: 44/44 MP: 3/3
  1241 | D:2      | Reached * piety under Cheibriados
  1795 | D:3      | Found a stormy altar of Qazlal.
  1884 | D:4      | Found a blossoming altar of Fedhas.
  1884 | D:4      | Found a bloodstained altar of Trog.
  1884 | D:4      | Found a shadowy altar of Dithmenos.
  1886 | D:4      | Found a sacrificial altar of Ru.
  2055 | D:4      | Reached ** piety under Cheibriados
  2058 | D:4      | Found a staircase to the Ecumenical Temple.
  2064 | Temple   | Entered the Ecumenical Temple
  2219 | D:4      | Found Esesaluz's Assorted Antiques.
  2286 | D:4      | Reached skill level 5 in Unarmed Combat
  3227 | D:5      | Entered Level 5 of the Dungeon
  3231 | D:5      | Reached XP level 5. HP: 50/50 MP: 4/4
  3235 | D:5      | Found an iron altar of Okawaru.
  3254 | D:5      | Noticed Menkaure
  3258 | D:5      | Noticed a phantom
  3259 | D:5      | Killed Menkaure
  3272 | D:5      | Killed a phantom
  3272 | D:5      | Reached skill level 6 in Unarmed Combat
  3272 | D:5      | Reached XP level 6. HP: 24/59 MP: 6/6
  3450 | D:5      | Found Kees's General Store.
  3455 | D:5      | Found a shattered altar of Ashenzari.
  3456 | D:5      | Bought a scroll of remove curse for 36 gold pieces
  3456 | D:5      | Bought a potion of curing for 36 gold pieces
  3937 | D:5      | Reached *** piety under Cheibriados
  3937 | D:5      | Reached XP level 7. HP: 48/66 MP: 8/8
  4245 | D:6      | Reached skill level 7 in Unarmed Combat
  4409 | D:6      | Reached skill level 5 in Invocations
  4409 | D:6      | Reached XP level 8. HP: 74/74 MP: 10/10
  4625 | D:6      | Reached skill level 8 in Unarmed Combat
  4652 | D:6      | Reached **** piety under Cheibriados
  4794 | D:6      | Found Caskot's Antique Armour Shop.
  5099 | D:7      | Reached skill level 9 in Unarmed Combat
  5157 | D:7      | Reached XP level 9. HP: 80/80 MP: 13/13
  5842 | D:8      | Reached skill level 10 in Unarmed Combat
  5862 | D:8      | Found Gablarph's Antique Weapon Emporium.
  5878 | D:8      | Found Tegh's General Store.
  5958 | D:8      | Found a radiant altar of Vehumet.
  5961 | D:8      | Reached ***** piety under Cheibriados
  6086 | D:8      | Found a deep blue altar of Sif Muna.
  6487 | D:8      | Noticed Psyche
  6496 | D:8      | Cast into level 1 of the Abyss (Psyche)
  6569 | Abyss:1  | Noticed a purple very ugly thing
  6575 | Abyss:1  | Annihilated by a purple very ugly thing

Vault maps used:
D:1:      lightli_arrival_isolated_outpost, corexii_corridor_pit
D:2:      grunt_temple_overflow_order_and_chaos_2, tso_metal_star,
          gammafunk_temple_overflow_elements, first_bread,
          nicolae_gozag_cash_rules_everything_around_me
D:3:      nicolae_qazlal_eye_of_the_storm
D:4:      grunt_temple_overflow_open, temple_statues, serial_shops,
          nicolae_shop_statue_plus
D:5:      ashenzari_altar_1, okawaru_gym_becter, serial_shops, shop,
          kennysheep_generic_room_16, uniq_menkaure
D:6:      serial_shops, kennysheep_mini, lemuel_another_geyser
D:7:      grunt_livestock
D:8:      vehumet_altar_wand_db, lemuel_round_altar, serial_shops, shop_statue,
          kennysheep_little_box, uniq_psyche
Temple:   hc_temple_tempest_star_small

Skill      XL: |  1  2  3  4  5  6  7  8  9 |
---------------+----------------------------+-----
Unarmed Combat | 3 4 5 6 7 9 10 | 10.5
Invocations    | 2 3 5 6 8 |  8.5
Fighting       | |  2.4
Dodging        | |  2.4
Shields        | |  2.4

Action                   |  1- 3 |  4- 6 |  7- 9 || total
-------------------------+-------+-------+-------++-------
Melee: Unarmed           |   120 |   138 |   223 ||   481
Invok: Slouch            |       |       |     1 ||     1
 Stab: Sleeping          |       |       |     4 ||     4
       Distracted        |       |       |     1 ||     1
  Eat: Chunk             |    16 |    17 |    17 ||    50
